 Dungeon Crawl Stone Soup version 0.19-a0-1792-g28b16ba (webtiles) character file.

182 JeffiDaFish the Sneak (level 5, -2/37 HPs)
             Began as a Vampire Enchanter on Oct 4, 2016.
             Slain by a worm (10 damage)
             ... on level 3 of the Dungeon.
             The game lasted 00:08:36 (2217 turns).

JeffiDaFish the Sneak (Vampire Enchanter)           Turns: 2217, Time: 00:08:37

Health: -2/37      AC:  3    Str:  8    XL:     5   Next: 35%
Magic:  0/8        EV: 13    Int: 18    God:
Gold:   132        SH:  0    Dex: 14    Spells: 2 memorised, 5 levels left

rFire  . . .     SeeInvis +     i - +1 dagger (speed)
rCold  + . .     Gourm    .     b - +1 robe
rNeg   + + .     Faith    .     (no shield)
rPois  +         Spirit   .     (no helmet)
rElec  .         Dismiss  .     (no cloak)
rCorr  +         Reflect  .     (no gloves)
MR     .....     Harm     .     (no boots)
Stlth  ++++......               (no amulet)
                                (no ring)
                                j - ring of resist corrosion

@: very slightly contaminated, regenerating slowly
A: fangs 3, see invisible, unbreathing
a: Bat Form


You were on level 3 of the Dungeon.
You were thirsty.

You visited 1 branch of the dungeon, and saw 4 of its levels.

You collected 132 gold pieces.

Inventory:

Hand Weapons
 a - a +1 dagger
 e - a +0 dagger of venom
 i - a +1 dagger of speed (weapon)
Armour
 b - a +1 robe (worn)
Jewellery
 j - a ring of resist corrosion (left hand)
Scrolls
 g - 3 scrolls of teleportation
 k - a scroll of fear
Potions
 d - 12 potions of blood
 f - a potion of invisibility
 h - a potion of flight
Books
 c - a book of Maledictions

   Spells                             Type                      Level
   a - Corona                         Hexes                        1
   b - Ensorcelled Hibernation        Hexes/Ice                    2
   c - Confuse                        Hexes                        3
   d - Tukima's Dance                 Hexes                        3
   e - Dazzling Spray                 Conjuration/Hexes            3


   Skills:
 + Level 1.1 Fighting
 + Level 2.7 Short Blades
 + Level 2.9 Dodging
 + Level 5.9 Stealth
 + Level 2.2 Spellcasting
 + Level 5.7 Hexes
 + Level 0.6 Ice Magic


You had 5 spell levels left.
You knew the following spells:

 Your Spells              Type           Power        Failure   Level  Hunger
a - Corona                Hex            ###....      1%          1    #......
b - Ensorcelled Hibernat  Hex/Ice        ##....       10%         2    ##.....


Dungeon Overview and Level Annotations

Branches:
Dungeon (4/15)
 Temple: D:4-7

Altars:


Innate Abilities, Weirdness & Mutations

You heal slowly.
You have razor-sharp teeth.
You have supernaturally acute eyesight. (SInv)
You can survive without breathing.


Message History

You hit the worm.
The worm is heavily wounded.
The worm bites you.
* * * LOW HITPOINT WARNING * * *
You hit the worm but do no damage.
The worm is moderately wounded.
You hit the worm. You bite the worm.
The worm is heavily wounded.
You hit the worm.
The worm is severely wounded.
The worm bites you.
* * * LOW HITPOINT WARNING * * *
You hit the worm but do no damage.
The worm is heavily wounded.
You hit the worm.
The worm is severely wounded.
You hit the worm.
The worm is severely wounded.
The worm bites you!
You die...

♣.........#
.....w....+
...h.....#
♣........#
♣......... ♣
#♣.........
...♣♣♣.r.#
.......r####
.......gw@.####+#
##########.#....#
#...#######
##..##....#
#..##.##.##
##.#......#
#.#......#
#....##..#
#....##..#


You could see a worm, a goblin and a rat.

Vanquished Creatures
  A howler monkey (D:3)
  A worker ant (D:4)
  3 gnolls (D:3)
  5 adders
  2 oozes (D:1)
  A dart slug (D:1)
  3 leopard geckos
  A bat (D:1)
  A giant cockroach (D:1)
  9 goblins
  4 hobgoblins
  A jackal (D:2)
  4 kobolds (D:1)
  A quokka (D:2)
  A frilled lizard (D:1)
  4 rats
42 creatures vanquished.

Notes
Turn   | Place    | Note
-------+----------+-------------------------------------------
     0 | D:1      | JeffiDaFish the Vampire Enchanter began the quest for the Orb.
     0 | D:1      | Reached XP level 1. HP: 13/13 MP: 3/3
   316 | D:1      | Reached XP level 2. HP: 15/19 MP: 5/5
   547 | D:1      | Reached skill level 5 in Hexes
   611 | D:1      | Learned a level 2 spell: Ensorcelled Hibernation
   648 | D:1      | Reached XP level 3. HP: 21/24 MP: 2/6
  1198 | D:1      | Reached skill level 5 in Stealth
  1708 | D:2      | Reached XP level 4. HP: 31/31 MP: 2/7
  1909 | D:2      | You fall through a shaft for 2 floors!
  1912 | D:4      | Reached skill level 1 in Fighting
  2168 | D:3      | Reached XP level 5. HP: 30/37 MP: 5/8
  2217 | D:3      | Slain by a worm

Vault maps used:
D:1:      arrival_zaba_pyramid, minmay_quantized
D:2:      hex_tiny
D:3:      kennysheep_big_flooded_room, minmay_item_behind_shaft,
          kennysheep_big_empty_room, minmay_stone_trees_medium
D:4:      first_bread, kennysheep_generic_room_6

Skill      XL: |  1  2  3  4 |
---------------+-------------+-----
Hexes          | 5 |  5.7
Stealth        | 5 |  5.9
Short Blades   | 2 |  2.7
Fighting       | 1 |  1.1
Dodging        | |  2.9
Spellcasting   | |  2.2
Ice Magic      | |  0.6

Action                   |  1- 3 |  4- 6 || total
-------------------------+-------+-------++-------
Melee: Dagger            |    85 |    87 ||   172
       Bite              |     7 |    10 ||    17
 Cast: Ensorcelled Hiber |     5 |     9 ||    14
       Corona            |     1 |       ||     1
  Use: Scroll            |     9 |       ||     9
       Potion            |    10 |     1 ||    11
 Stab: Sleeping          |    12 |     5 ||    17
       Distracted        |     1 |       ||     1
Armor: Robe              |     6 |     4 ||    10
Dodge: Dodged            |    35 |    26 ||    61
